 Dungeon Crawl Stone Soup version 0.18-a0-1577-gf591c28 (webtiles) character file.

121 M4edhros the Sneak (level 5, -3/33 HPs)
             Began as an Octopode Artificer on Mar 24, 2016.
             Slain by Grinder (5 damage)
             ... on level 3 of the Dungeon.
             The game lasted 00:02:45 (1648 turns).

M4edhros the Sneak (Octopode Artificer)             Turns: 1648, Time: 00:02:46

Health: -3/33      AC:  1    Str: 16    XL:     5   Next: 5%
Magic:  7/7        EV: 13    Int: 14    God:
Gold:   58         SH:  0    Dex: 13    Spells: 0 memorised, 4 levels left

rFire  . . .     SeeInvis .     p - +1 flail (crush)
rCold  . . .     Gourm    .     (no shield)
rNeg   . . .     Faith    .     (helmet restricted)
rPois  .         Spirit   .     (no amulet)
rElec  .         Dismiss  .     s - ring of flight
rCorr  .         Reflect  .     (no ring)
SustAt .         Harm     .     (no ring)
MR     .....                    (no ring)
Stlth  ++++......               (no ring)
                                (no ring)
                                (no ring)
                                (no ring)

@: mighty, very slightly contaminated, hasted, very quick, not resistant to
hostile enchantments, stealthy
A: almost no armour, amphibious, 8 rings, constrict 8, camouflage 1, gelatinous
body 1
a: Evoke Flight


You were on level 3 of the Dungeon.
You were not hungry.

You visited 1 branch of the dungeon, and saw 3 of its levels.

You collected 58 gold pieces.

Inventory:

Hand Weapons
 a - a +0 short sword
 p - a +1 flail of crushing (weapon)
Missiles
 e - 75 stones (quivered)
 l - 2 javelins
Jewellery
 s - a ring of flight (left tentacle)
Wands
 b - a wand of flame (9/48)
 c - a wand of enslavement (13/24)
 d - a wand of random effects (10/48)
Scrolls
 i - a scroll of blinking {unknown}
 k - a scroll of noise {unknown}
 n - 2 scrolls of random uselessness {unknown}
 t - a scroll of magic mapping {unknown}
Potions
 j - a potion of might
Comestibles
 f - a bread ration
 o - a royal jelly
 q - 7 chunks of flesh


   Skills:
 - Level 1.0 Fighting
 - Level 1.0 Short Blades
 + Level 3.5 Dodging
 * Level 5.1 Stealth
 - Level 3.2 Evocations


You had 4 spell levels left.
You didn't know any spells.

Dungeon Overview and Level Annotations

Branches:
Dungeon (3/15)

Altars:
Elyvilon

Annotations:
D:2 Jessica, Robin
D:3 Grinder


Innate Abilities, Weirdness & Mutations

You cannot wear most types of armour.
You are amphibious.
You can wear up to eight rings at the same time.
You can use your tentacles to constrict eight enemies at once.
Your skin changes colour to match your surroundings (Stealth).
Your rubbery body absorbs attacks (AC +1).


Message History

You are very lightly contaminated with residual magic.
Drink which item? (? for menu, Esc to quit)
It was a potion of heal wounds.
You feel much better.
Drink which item? (? for menu, Esc to quit)
It was a potion of magic.
Magic courses through your body.
You see here a scroll labeled NUAMAMP FAJI.
Something tries to affect you, but you resist.
Something tries to affect you, but you resist.
You see here a scroll labeled NUAMAMP FAJI.
You closely miss something. Something hits you.
You writhe in agony.
You closely miss something. Pain shoots through your body!
You closely miss something. Your squeeze misses something. Something hits you.
You writhe in agony. x2
You barely miss something. Something hits you.
You writhe in agony. x2
You sock something! Something hits you.
You thump something! Something hits you!
* * * LOW HITPOINT WARNING * * *
You writhe in agony.
You die...

####..........###.###.#####..####
# ##≈..♣..≈#.##o## ##.####....
#≈≈..)≈≈#...## ##.........
#.###...###....## ##..........
............†....###..##.......
##......$......#..#....#......
######...#######...#..#......
#...#######...#......#####
#...##...@..#..........##.
#...##.####.##.#.#.###.##.
#...... #........###.# ######.#
#?##.#.....#.##
#.#.##.##[###.#.#.##.
#......##)###.#.#.##.
........###...).....### #####.#.#
######.#....† #.#.# ##.#####


There were no monsters in sight!

Vanquished Creatures
  An orc priest (D:3)
  Terence (D:2)
  A worm (D:2)
  A dart slug (D:1)
  6 orcs (D:3)
  2 giant cockroaches (D:3)
  3 goblins
  A hobgoblin (D:1)
  8 jackals (D:1)
  A quokka (D:3)
  5 bats
  A giant newt (D:1)
  6 kobolds (D:1)
  5 rats
42 creatures vanquished.

Vanquished Creatures (collateral kills)
  An orc wizard (D:3)
1 creature vanquished.

Vanquished Creatures (others)
  A hobgoblin (D:3)
  A quokka (D:3)
2 creatures vanquished.

Grand Total: 45 creatures vanquished

Notes
Turn   | Place    | Note
--------------------------------------------------------------
     0 | D:1      | M4edhros the Octopode Artificer began the quest for the Orb.
     0 | D:1      | Reached XP level 1. HP: 13/13 MP: 3/3
    87 | D:1      | Reached skill level 2 in Stealth
   131 | D:1      | Reached XP level 2. HP: 5/18 MP: 4/4
   751 | D:1      | Reached skill level 3 in Stealth
   759 | D:1      | Reached XP level 3. HP: 12/23 MP: 5/5
  1152 | D:2      | Noticed Terence
  1159 | D:2      | Killed Terence
  1159 | D:2      | Reached skill level 4 in Stealth
  1159 | D:2      | Reached XP level 4. HP: 14/28 MP: 6/6
  1333 | D:2      | Noticed Jessica
  1368 | D:2      | Noticed Robin
  1423 | D:3      | Found a white marble altar of Elyvilon.
  1503 | D:3      | Noticed Grinder
  1604 | D:3      | Reached skill level 5 in Stealth
  1604 | D:3      | Reached XP level 5. HP: 31/33 MP: 7/7
  1621 | D:3      | Paralysed by something for 5 turns
  1648 | D:3      | Slain by Grinder

Vault maps used:
D:1:      dpeg_arrival_castle
D:2:      uniq_terence, uniq_jessica, uniq_robin
D:3:      first_bread, elyvilon_altar_4, uniq_grinder

Skill      XL: |  1  2  3  4 |
---------------+-------------+-----
Stealth        | 2 3 4 5 |  5.1
Dodging        | 3 |  3.5
Fighting       | |  1.0
Short Blades   | |  1.0
Evocations     | |  3.2

Action                   |  1- 3 |  4- 6 || total
-------------------------+-------+-------++-------
Melee: Short sword       |    67 |       ||    67
       Flail             |       |    28 ||    28
Evoke: Wand              |     2 |    11 ||    13
  Use: Potion            |       |     6 ||     6
 Stab: Sleeping          |     3 |     2 ||     5
       Distracted        |     1 |       ||     1
  Eat: Chunk             |       |     2 ||     2
